 Dungeon Crawl Stone Soup version 0.28.0-49-g6dfe1f597d (webtiles) character file.

Game seed: 4858174585844935346

201 GigaChad the Covered (level 5, -1/47 HPs)
             Began as a Minotaur Fighter on May 11, 2022.
             Was a Believer of Jiyva.
             Slain by an ogre
             ... wielding a +0 giant club
              (20 damage)
             ... on level 4 of the Dungeon.
             The game lasted 00:06:14 (2345 turns).

GigaChad the Covered (Minotaur Fighter)             Turns: 2345, Time: 00:06:15

Health: -1/47      AC: 11    Str: 20    XL:     5   Next: 50%
Magic:  4/4        EV:  8    Int:  5    God:    Jiyva [**....]
Gold:   140        SH:  9    Dex: 12    Spells: 4/4 levels left

rFire   . . .      SeeInvis .   a - +0 long sword
rCold   . . .      Faith    .   m - +0 kite shield
rNeg    . . .      Spirit   .   b - +0 scale mail
rPois   .          Reflect  .   (helmet restricted)
rElec   .          Harm     .   (no cloak)
rCorr   +          Rampage  .   (no gloves)
Will    .....                   (no boots)
Stlth   ..........              (no amulet)
HPRegen 1.11/turn               g - +4 ring of protection
MPRegen 0.39/turn               (no ring)

@: no status effects
A: horns 2, retaliatory headbutt
a: Renounce Religion


You were on level 4 of the Dungeon.
You worshipped Jiyva.
Jiyva was pleased with you.
You visited 1 branch of the dungeon, and saw 4 of its levels.

You collected 140 gold pieces.

Inventory:

Hand Weapons
 a - a +0 long sword (weapon)
 j - a +0 scythe
Armour
 b - a +0 scale mail (worn)
 c - a +0 buckler
 k - a +2 robe of positive energy
 m - a +0 kite shield (worn)
Jewellery
 g - a +4 ring of protection (left hand)
Scrolls
 e - a scroll of fear
 f - a scroll of enchant weapon {unknown}
 h - a scroll of teleportation {unknown}
 i - 2 scrolls of identify {unknown}
Potions
 d - a potion of might
 l - a potion of invisibility {unknown}


   Skills:
 + Level 4.7 Fighting
 + Level 4.4 Long Blades
 + Level 4.9 Armour
 + Level 1.3 Dodging
 + Level 4.3 Shields


You had 4 spell levels left.
You didn't know any spells.
Your spell library was empty.

Dungeon Overview and Level Annotations

Branches:
Dungeon (4/15)
 Temple: D:4-7

Altars:
Kikubaaqudgha
Qazlal
Jiyva


Innate Abilities, Weirdness & Mutations

You have a pair of horns on your head.
You reflexively headbutt those who attack you in melee.


Message History

The dart slug is severely wounded.
The dart slug bites you but does no damage.
You hit the dart slug.
You kill the dart slug!
There is an open door here.
There is an open door here.
You hear a series of splatters.
There is a stone staircase leading down here.
You climb downwards.
There is a stone staircase leading up here.
You hear a distant slurping noise.
You hear a distant slurping noise. x2
You hear a distant slurping noise.
You swap places.
An ogre comes into view. It is wielding a +0 giant club.
The ogre shouts!
You hear a shout!
You hear an angry hiss.
A goblin comes into view. It is wielding a +0 dagger.
Found a flail.
Found a stormy altar of Qazlal.
The ogre hits you with a +0 giant club!!
You hit the ogre.
The ogre is lightly wounded.
You block the ogre's attack.
You closely miss the ogre.
The ogre is lightly wounded.
The goblin hits you but does no damage. You block the ogre's attack.
You slash the ogre!
The ogre is heavily wounded.
The goblin hits you but does no damage. You block the ogre's attack.
The goblin hits you but does no damage.
You slash the ogre!
The ogre is severely wounded.
You block the goblin's attack. The ogre hits you with a +0 giant club!
You hit the ogre but do no damage.
The ogre is severely wounded.
You block the goblin's attack. The ogre hits you with a +0 giant club.
The goblin hits you with a +0 dagger.
You hit the ogre but do no damage.
The ogre is severely wounded.
The ogre hits you with a +0 giant club!!
You die...

## # ##### ). ..
#...####.##.##
#......#......
#...##.g.≈≈≈≈≈
##.###@O.≈....
###########.#.##.#.≈.≈≈≈
........J..###.#...≈.≈..
###########.# ###..≈.≈.≈
# ..# #...≈.. # ..#
.≈≈≈≈≈ # ..# .≈.... ..#
≈.≈≈≈ ..# ≈.≈_.


You could see an ogre and a goblin.

Vanquished Creatures
  Sigmund (D:3)
  3 adders
  3 dart slugs
  A bat skeleton (D:3)
  5 bat zombies (D:3)
  4 endoplasms
  6 giant cockroaches
  7 goblins
  8 hobgoblins
  7 jackals
  7 kobolds
  2 quokkas
  2 ball pythons
  7 bats
  2 frilled lizards
  9 rats
74 creatures vanquished.

Vanquished Creatures (others)
  A jelly (D:3)
  An adder (D:2)
  A worm (D:2)
  An endoplasm (D:3)
  A ball python (D:3)
  A bat (D:2)
  A rat (D:2)
  A fungus (D:1)
8 creatures vanquished.

Grand Total: 82 creatures vanquished

Notes
Turn   | Place    | Note
-------+----------+-------------------------------------------
     0 | D:1      | GigaChad the Minotaur Fighter began the quest for the Orb.
     0 | D:1      | Reached XP level 1. HP: 19/19 MP: 0/0
   107 | D:1      | Reached XP level 2. HP: 25/27 MP: 1/1
   341 | D:1      | Reached XP level 3. HP: 22/33 MP: 2/2
   867 | D:2      | Found a faded altar of an unknown god.
   887 | D:2      | Prayed at the altar of an unknown god.
   887 | D:2      | Became a worshipper of Jiyva Jeweosat the Shapeless
   887 | D:2      | Reached * piety under Jiyva
  1406 | D:3      | Reached XP level 4. HP: 41/41 MP: 3/3
  1559 | D:3      | Reached ** piety under Jiyva
  1726 | D:3      | Noticed Sigmund
  1778 | D:3      | Killed Sigmund
  1779 | D:3      | Reached skill level 1 in Dodging
  1779 | D:3      | Reached XP level 5. HP: 45/47 MP: 4/4
  1864 | D:3      | Found an ancient bone altar of Kikubaaqudgha.
  2336 | D:4      | Noticed an ogre
  2338 | D:4      | Found a stormy altar of Qazlal.
  2345 | D:4      | Slain by an ogre

Illustrated notes

Levels and vault maps discovered:
D:1:      scummos_arrival_checkerplants, layout_loops_ring
D:2:      layout_basic, chequers_ecumenical_altar_simple_redux,
          serial_bayou_pond_d, grunt_ministairs_5
D:3:      layout_basic, kennysheep_vampire_church, minmay_cut_off, uniq_sigmund
D:4:      layout_loops_ring, mainiacjoe_overflow_catwalk_spiral,
          temple_fountains, uniq_duvessa

Skill      XL: |  1  2  3  4 |
---------------+-------------+-----
Fighting       | 4 |  4.7
Armour         | 4 |  4.9
Long Blades    | 3 4 |  4.4
Dodging        | 1 |  1.3
Shields        | 4 |  4.3

Action                   |  1- 3 |  4- 6 || total
-------------------------+-------+-------++-------
Melee: Long sword        |    94 |    64 ||   158
       Headbutt          |    12 |     6 ||    18
  Use: Scroll            |       |     1 ||     1
Armor: Scale mail        |    59 |    55 ||   114
Dodge: Dodged            |    50 |    45 ||    95
Block: Buckler           |    22 |    37 ||    59
       Kite shield       |       |     6 ||     6
